 Dungeon Crawl Stone Soup version 0.27-a0-1144-g0b7d3b79db (webtiles) character file.

Game seed: 875153952329786422

17 rageheart7 the Twirler (level 2, 0/16 HPs)
             Began as a Vine Stalker Gladiator on May 11, 2021.
             Succumbed to an adder's poison
             ... on level 2 of the Dungeon.
             The game lasted 00:00:42 (786 turns).

rageheart7 the Twirler (Vine Stalker Gladiator)      Turns: 786, Time: 00:00:42

Health: 0/16       AC:  4    Str: 16    XL:     2   Next: 62%
Magic:  3/3        EV: 12    Int:  8    God:
Gold:   0          SH:  0    Dex: 15    Spells: 1/1 levels left

rFire    . . .     SeeInvis .   a - +0 quarterstaff
rCold    . . .     Faith    .   (shield currently unavailable)
rNeg     . . .     Spirit   +   b - +0 leather armour
rPois    .         Reflect  .   c - +0 helmet
rElec    .         Harm     .   (no cloak)
rCorr    .         Rampage  .   (no gloves)
Will     .....                  (no boots)
Stlth    +.........             (no amulet)
HPRegen  0.05/turn              (no ring)
MPRegen  0.08/turn              (no ring)

@: brilliant, lethally poisoned (0 -> -5)
A: fangs 2, magic shield, antimagic bite, no potion heal 2
a: no special abilities


You were on level 2 of the Dungeon.
You visited 1 branch of the dungeon, and saw 2 of its levels.

Inventory:

Hand Weapons
 a - a +0 quarterstaff (weapon)
Missiles
 d - 3 throwing nets (quivered)
Armour
 b - a +0 leather armour (worn)
 c - a +0 helmet (worn)
Scrolls
 f - a scroll of magic mapping {unknown}
 h - a scroll of fog {unknown}


   Skills:
 * Level 2.3 Fighting
 * Level 3.1 Staves
 - Level 1.7 Throwing
 - Level 2.4 Dodging


You had one spell level left.
You didn't know any spells.
Your spell library was empty.

Dungeon Overview and Level Annotations

Branches:
Dungeon (2/15)

Altars:


Innate Abilities, Weirdness & Mutations

You have extremely sharp teeth.
When hurt, damage is shared between your health and your magic reserves.
Your bite disrupts and absorbs the magic of your enemies.
Potions cannot restore your health.


Message History

You kill the endoplasm!
No target in view!
No target in view!
No target in view!
An adder comes into view.
An adder is nearby!
The adder hisses angrily.
A quokka zombie comes into view.
There are monsters nearby!
The adder bites you.
You are poisoned.
The adder poisons you! The adder bites you but does no damage.
You hit the adder.
The adder is moderately wounded.
You feel sick. The adder bites you.
You are lethally poisoned!
The adder poisons you!
You are too injured to fight recklessly!
You are too injured to fight recklessly!
You are too injured to fight recklessly!
You are too injured to fight recklessly!
Unknown command.
It was a potion of heal wounds.
That seemed strangely inert.
You feel sick. The adder misses you.
You hit the adder. Your bite misses the adder.
The adder is severely wounded.
* * * LOW HITPOINT WARNING * * *
You feel sick. The adder barely misses you.
A jackal comes into view.
The adder closely misses you.
You closely miss the adder. You bite the adder. You drain its power.
You feel invigorated.
The adder is severely wounded.
* * * LOW HITPOINT WARNING * * *
You feel sick.
The quokka zombie bites you but does no damage.
The adder closely misses you. The quokka zombie barely misses you.
It was a potion of brilliance.
You feel clever all of a sudden.
You die...

#§P . #§P§ .##§P§ .
§§§§§####
..##.§.§..
.........
......ZS##
#......@.#
..##....†###
...........#####
#.....#..........
...........###..#
###............#
...#..[......##
...####...###.#####
....# #...#
#.....######


You could see an adder and a quokka zombie.

Vanquished Creatures
  A ball python (D:2)
  A bat (D:1)
  4 endoplasms
  A giant cockroach (D:1)
  3 goblins (D:1)
  2 kobolds (D:1)
  A frilled lizard (D:1)
  A rat (D:1)
14 creatures vanquished.

Notes
Turn   | Place    | Note
-------+----------+-------------------------------------------
     0 | D:1      | rageheart7 the Vine Stalker Gladiator began the quest for
                  | the Orb.
     0 | D:1      | Reached XP level 1. HP: 11/11 MP: 2/2
   436 | D:1      | Reached skill level 3 in Staves
   436 | D:1      | Reached XP level 2. HP: 11/15 MP: 3/3
   786 | D:2      | Succumbed to an adder's poison

Illustrated notes

Levels and vault maps discovered:
D:1:      dpeg_arrival_tiny_d, layout_rooms, hex_intersection,
          minmay_misc_feat_tower, minmay_misc_feat_four_crosses
D:2:      layout_rooms, serial_undead, serial_undead_b, serial_undead_b,
          serial_undead_c, serial_undead_c, grunt_ministairs_3,
          lexackson_kobold_supper, uniq_terence

Skill      XL: |  1 |
---------------+----+-----
Fighting       | 2 |  2.3
Staves         | 3 |  3.1
Throwing       | |  1.7
Dodging        | |  2.4

Action                   || total
-------------------------++-------
Melee: Quarterstaff      ||    33
       Bite              ||     9
  Use: Potion            ||     2
 Stab: Sleeping          ||     1
Armor: Leather armour    ||    13
Dodge: Dodged            ||    29

Table legend: (Time is in decaauts)
 A = Elapsed time spent in this place.
 B = Non-inter-level travel time spent in this place.
 C = Inter-level travel time spent in this place.
 D = Time resting spent in this place.
 E = Time spent auto-exploring this place.
 F = Levels seen in this place.
 G = Mean time per level.
                   A        B        C        D        E       F      G
               +--------+--------+--------+--------+--------+-----+--------+
         Total |    790 |    774 |     16 |      0 |    685 |   2 |  395.0 |
       Dungeon |    790 |    774 |     16 |      0 |    685 |   2 |  395.0 |
               +--------+--------+--------+--------+--------+-----+--------+

Top non-repeatable levels by time:
     D:1: 713 daAuts
     D:2: 77 daAuts
